 Dungeon Crawl Stone Soup version 0.30.1-9-gdf580d7c3d (webtiles) character file.

Game seed: 7970341350222608618

2603 lonewolfV2 the Cleaver (level 9, 0/78 HPs)
             Began as a Minotaur Berserker on Oct 13, 2023.
             Was a Priest of Trog.
             Slain by Joseph
             ... wielding a +0 quarterstaff
              (12 damage)
             ... on level 7 of the Dungeon.
             The game lasted 00:10:09 (7881 turns).

lonewolfV2 the Cleaver (Minotaur Berserker)         Turns: 7881, Time: 00:10:10

Health: 0/78       AC:  3    Str: 32    XL:     9   Next: 33%
Magic:  8/8        EV: 18    Int:  4    God:    Trog [***...]
Gold:   352        SH:  0    Dex: 18    Spells: 8/8 levels left

rFire   . . .        c - +2 hand axe (freeze)
rCold   . . .        (no shield)
rNeg    . . .        b - +1 animal skin
rPois   .            (helmet restricted)
rElec   .            (no cloak)
rCorr   .            (no gloves)
SInv    +            (no boots)
Will    ++...        l - amulet of Lucidity {Acrobat Str+6}
Stlth   ++           f - ring "Hush" {Dex+2 SInv}
HPRegen 1.33/turn    r - +6 ring of dexterity
MPRegen 0.11/turn

%: acrobat
@: strong-willed, on berserk cooldown, regenerating, slowed, very slow
A: horns 2, retaliatory headbutt
a: Renounce Religion, Berserk, Trog's Hand


You were on level 7 of the Dungeon.
You worshipped Trog.
Trog was most pleased with you.
You visited 1 branch of the dungeon, and saw 7 of its levels.

You collected 352 gold pieces.

Inventory:

Hand Weapons
 a - a +1 hand axe
 c - a +2 hand axe of freezing (weapon)
 w - a +4 hand axe
Armour
 b - a +1 animal skin (worn)
Jewellery
 f - the ring "Hush" (left hand) {Dex+2 SInv}
   (You found it on level 3 of the Dungeon)

   [ring of see invisible]

   Dex:       It affects your dexterity (+2).
   SInv:      It lets you see invisible.
 h - a ring of magical power
 l - the amulet of Lucidity (around neck) {Acrobat Str+6}
   (You found it on level 5 of the Dungeon)

   [amulet of the acrobat]

   It increases your evasion while moving and waiting.
   Str:       It affects your strength (+6).
 r - a +6 ring of dexterity (right hand)
 s - a ring of resist corrosion
Wands
 g - a wand of polymorph (3)
 j - a wand of charming (11)
 q - a wand of iceblast (5)
 t - a wand of digging (7)
Scrolls
 d - 2 scrolls of teleportation
 p - a scroll of enchant weapon
Potions
 e - a potion of mutation
 i - a potion of resistance
 k - a potion of magic
 m - 2 potions of haste
 n - 2 potions of attraction
 o - a potion of flight
 u - a potion of berserk rage


   Skills:
 + Level 6.8 Fighting
 + Level 10.6 Axes
 - Level 2.6 Armour
 + Level 9.4 Dodging


You had 8 spell levels left.
You didn't know any spells.
Your spell library was empty.

Dungeon Overview and Level Annotations

Branches:
Dungeon (7/15)
 Temple: D:4-7

Altars:
Cheibriados
Okawaru
Qazlal
Ru
Trog
Xom
Yredelemnul
Zin

Shops:
D:6 *

Annotations:
D:7 Joseph


Innate Abilities, Weirdness & Mutations

You have a pair of horns on your head.
You reflexively headbutt those who attack you in melee.


Message History

Joseph shoots a sling bullet.
The sling bullet misses you.
A red film seems to cover your vision as you go berserk!
You feel yourself moving faster!
You feel mighty!
Joseph shoots a sling bullet.
The sling bullet closely misses you.
You feel a strong urge to attack something.
Joseph shoots a sling bullet.
The sling bullet hits you!! The sling bullet freezes you.
You feel your anger nearly subside.
Joseph shoots a sling bullet.
The sling bullet completely misses you.
You are no longer berserk.
You are exhausted.
You feel yourself slow down.
Joseph unwields a +0 sling of freezing.
Joseph wields a +0 quarterstaff.
Joseph hits you with a +0 quarterstaff!!
You barely miss Joseph. Joseph barely misses you. You furiously retaliate!
You headbutt Joseph! You hit Joseph but do no damage.
You headbutt Joseph, but do no damage.
Joseph is moderately wounded.
Joseph hits you with a +0 quarterstaff!
You hit Joseph but do no damage. Your headbutt misses Joseph.
Joseph is moderately wounded.
Joseph misses you. You furiously retaliate!
You headbutt Joseph. You slash Joseph! You freeze Joseph.
Joseph is moderately wounded.
Joseph hits you with a +0 quarterstaff.
You hit Joseph. You freeze Joseph.
Joseph is heavily wounded.
Joseph hits you with a +0 quarterstaff!
* * * LOW HITPOINT WARNING * * *
Your skin crawls.
You feel strong-willed. Joseph closely misses you.
Joseph hits you with a +0 quarterstaff!!
* * * LOW HITPOINT WARNING * * *
You feel better. Joseph completely misses you. You furiously retaliate!
You headbutt Joseph.
Your skin crawls.
You feel strong-willed. Joseph hits you with a +0 quarterstaff!
You die...

####..........# .
.#.#...........## .#
................# ... .. #.....
...............###... .##..#..
##.....†#............ .......
#.....###.....##..... ##.....?
##.....##.....###....##.......
##......#.##..##..........?...
#....#....###@.#..............
###.......##.@###.............
#......>.#....##.............
##.......##.......#....>......
##......#.##.......##..........
#.......#...........#........<.
##.)..#....##...#......##.......
##...#.####.#..######....#..#...#
#...##.#....##.# #.##....###..


You could see Joseph.

Vanquished Creatures
  Grinder (D:3)
  Duvessa (D:7)
  A sky beast (D:6)
  2 ice beasts
  2 black bears
  3 ogres
  A centaur (D:6)
  A gnoll sergeant (D:7)
  2 bullfrogs
  A scorpion (D:5)
  10 wights
  Dowan (D:7)
  A howler monkey (D:7)
  2 jellies (D:6)
  3 hounds
  An orc priest (D:6)
  A sleepcap (D:7)
  3 iguanas
  2 orc wizards
  2 hound zombies (D:3)
  8 adders
  10 gnolls
  2 white imps
  2 ufetubi (D:5)
  A worm (D:5)
  4 dart slugs
  14 orcs
  4 ball pythons
  4 bats
  8 endoplasms
  15 goblins
  10 hobgoblins
  2 jackals (D:2)
  6 quokkas
  4 frilled lizards
  4 kobolds
  7 rats
146 creatures vanquished.

Notes
Turn   | Place    | Note
-------+----------+-------------------------------------------
     0 | D:1      | lonewolfV2 the Minotaur Berserker began the quest for the
                  | Orb.
     0 | D:1      | Reached XP level 1. HP: 19/19 MP: 0/0
   228 | D:1      | Reached XP level 2. HP: 27/27 MP: 1/1
   391 | D:1      | Reached skill level 4 in Axes
   591 | D:2      | Reached XP level 3. HP: 16/33 MP: 2/2
   876 | D:2      | Reached ** piety under Trog
  1222 | D:2      | Reached XP level 4. HP: 26/40 MP: 3/3
  1515 | D:3      | Found a sacrificial altar of Ru.
  1568 | D:3      | Reached skill level 5 in Axes
  1752 | D:3      | Found a bloodstained altar of Trog.
  1867 | D:3      | Noticed Grinder
  1884 | D:3      | Killed Grinder
  1885 | D:3      | Reached skill level 6 in Axes
  1885 | D:3      | Reached skill level 5 in Dodging
  1885 | D:3      | Reached XP level 5. HP: 13/46 MP: 4/4
  1885 | D:3      | Reached XP level 6. HP: 15/52 MP: 5/5
  2305 | D:3      | Found a stormy altar of Qazlal.
  2506 | D:3      | Identified the ring "Hush" {Dex+2 SInv}
  2785 | D:3      | Found a basalt altar of Yredelemnul.
  3122 | D:4      | Reached *** piety under Trog
  3612 | D:4      | Found a shimmering altar of Xom.
  3721 | D:4      | Reached skill level 7 in Axes
  3852 | D:4      | Found an iron altar of Okawaru.
  3977 | D:5      | Entered Level 5 of the Dungeon
  3982 | D:5      | Reached XP level 7. HP: 58/58 MP: 6/6
  4053 | D:5      | Reached skill level 8 in Axes
  4098 | D:5      | Identified the +2 falchion of Misery {heavy, rF+}
  4372 | D:5      | Reached XP level 8. HP: 40/66 MP: 7/7
  4566 | D:5      | Reached skill level 9 in Axes
  5024 | D:5      | Found a snail-covered altar of Cheibriados.
  5076 | D:5      | Identified the amulet of Lucidity {Acrobat Str+6}
  5260 | D:6      | Found a glowing silver altar of Zin.
  5389 | D:6      | Found Soireb's General Store.
  5795 | D:6      | Reached skill level 5 in Fighting
  6203 | D:6      | Reached skill level 10 in Axes
  6398 | D:7      | Reached XP level 9. HP: 75/75 MP: 8/8
  6627 | D:7      | Noticed Joseph
  6938 | D:7      | Noticed Dowan
  6940 | D:7      | Noticed Duvessa
  6944 | D:7      | Killed Dowan
  6956 | D:7      | Killed Duvessa
  7879 | D:7      | HP: 1/78 [Joseph/+0 quarterstaff (21)]
  7881 | D:7      | Slain by Joseph

Illustrated notes

Levels and vault maps discovered:
D:1:      sevenhm_arrival_forest_fort_small_4, layout_basic
D:2:      cheibrodos_greedy_goblins, layout_loops_ring
D:3:      layout_rooms, nicolae_overflow_hidden_temple,
          mainiacjoe_overflow_paths, lemuel_zombie_altar_yredelemnul,
          nicolae_ru_awakened_eye, minivault_5, uniq_grinder
D:4:      black_bear_nest_1, layout_basic, marbit_many_paths,
          lemuel_doored_altar
D:5:      layout_loops_ring, cheibrodos_worm_habitat, grunt_ministairs_1,
          corexii_item_surrounded_by_moat, st_stairs_11
D:6:      layout_gridville, mainiacjoe_overflow_concentric_impassable,
          serial_shops, shop, chequers_serial_rivers_room_b, minmay_fountain_box
D:7:      layout_cave_pools, temple_green, centaur_isle, uniq_menkaure,
          uniq_joseph, uniq_duvessa

Skill      XL: |  1  2  3  4  5  6  7  8  9 |
---------------+----------------------------+-----
Axes           | 4 6 7 8 10 | 10.6
Dodging        | 3 5 6 7 8 9 |  9.4
Fighting       | 5 6 |  6.8
Armour         | |  2.6

Action                     |  1- 3 |  4- 6 |  7- 9 || total
---------------------------+-------+-------+-------++-------
  Melee: Hand axe          |    70 |    96 |   175 ||   341
         Headbutt          |     9 |    12 |    40 ||    61
         Punch             |       |     1 |     1 ||     2
 Invoke: Berserk           |       |     2 |     3 ||     5
         Trog's Hand       |       |     1 |     6 ||     7
    Use: Scroll            |       |    14 |     3 ||    17
         Potion            |       |       |     4 ||     4
   Stab: Sleeping          |       |     1 |     3 ||     4
 Armour: Animal skin       |    24 |    16 |    16 ||    56
  Dodge: Dodged            |    44 |    48 |   159 ||   251
